 Dungeon Crawl Stone Soup version 0.29-a0-356-g7bc237e783 (webtiles) character file.

Game seed: 15575394812807108271

23 Morbidden the Skirmisher (level 2, 0/24 HPs)
             Began as a Demonspawn Fighter on Apr 25, 2022.
             Slain by a kobold
             ... wielding a +0 dagger
              (1 damage)
             ... on level 1 of the Dungeon.
             The game lasted 00:00:27 (257 turns).

Morbidden the Skirmisher (Demonspawn Fighter)        Turns: 257, Time: 00:00:28

Health: 0/24       AC:  6    Str: 16    XL:     2   Next: 72%
Magic:  2/2        EV:  8    Int:  9    God:
Gold:   14         SH:  4    Dex: 12    Spells: 1/1 levels left

rFire   . . .      SeeInvis .   a - +0 flail
rCold   . . .      Faith    .   c - +0 buckler
rNeg    . . .      Spirit   .   b - +0 scale mail
rPois   .          Reflect  .   (no helmet)
rElec   .          Harm     .   (no cloak)
rCorr   .          Rampage  .   (no gloves)
Will    .....                   (no boots)
Stlth   ..........              (no amulet)
HPRegen 0.08/turn               (no ring)
MPRegen 0.08/turn               (no ring)

@: no status effects
A: demonic magic 1
a: no special abilities


You were on level 1 of the Dungeon.
You visited 1 branch of the dungeon, and saw 1 of its levels.

You collected 14 gold pieces.

Inventory:

Hand Weapons
 a - a +0 flail (weapon)
Armour
 b - a +0 scale mail (worn)
 c - a +0 buckler (worn)
Scrolls
 e - a scroll of fear {unknown}
Potions
 d - a potion of might


   Skills:
 * Level 3.1 Fighting
 * Level 0.1(1.2) Axes
 * Level 2.0(2.1) Maces & Flails
 + Level 3.1 Armour
 * Level 0.1 Dodging
 + Level 2.8 Shields
 * Level 0.2 Spellcasting


You had one spell level left.
You didn't know any spells.
Your spell library was empty.

Dungeon Overview and Level Annotations

Branches:
Dungeon (1/15)

Altars:


Innate Abilities, Weirdness & Mutations

Spells you cast may paralyse adjacent enemies.


Message History

The kobold throws a stone.
The stone hits you but does no damage.
Unknown command.
You hit the quokka but do no damage.
The quokka is heavily wounded.
You block the quokka's attack. The quokka barely misses you.
Unknown command.
You miss the quokka.
The quokka is moderately wounded.
The quokka bites you.
* * * LOW HITPOINT WARNING * * *
Unknown command.
You hit the quokka.
The quokka is almost dead.
The quokka bites you but does no damage.
The kobold hits you but does no damage.
The quokka bites you but does no damage.
Unknown command.
You barely miss the quokka.
The quokka is almost dead.
You block the kobold's attack. The quokka bites you.
* * * LOW HITPOINT WARNING * * *
The quokka closely misses you. The kobold hits you with a +0 dagger.
* * * LOW HITPOINT WARNING * * *
Unknown command.
You closely miss the quokka.
The quokka is almost dead.
The quokka completely misses you. The kobold hits you but does no damage.
Unknown command.
You hit the quokka.
You kill the quokka!
The kobold hits you but does no damage.
Unknown command.
You barely miss the kobold. You block the kobold's attack.
The kobold hits you but does no damage.
Unknown command.
You hit the kobold but do no damage. The kobold hits you with a +0 dagger.
* * * LOW HITPOINT WARNING * * *
Unknown command.
You closely miss the kobold. The kobold hits you with a +0 dagger.
You die...

#.'.'.≈≈.'<#..........#..##.##
#.'.'.§§.'.#......###..)###.##
#####.≈§.###......###.#####.##
#..§.##.............##..##
#######........##.........
.####.#.......###.........
......................)...
.......####..#.##.........
#......##@..##............
#........K### ###.........
#####....## #..........
#.##... #.####..... #. ###...
.. ###### # ..#.. .# . .. ##


You could see a kobold.

Vanquished Creatures
  A dart slug (D:1)
  2 bats (D:1)
  An endoplasm (D:1)
  4 goblins (D:1)
  5 hobgoblins (D:1)
  2 jackals (D:1)
  A quokka (D:1)
  A frilled lizard (D:1)
17 creatures vanquished.

Notes
Turn   | Place    | Note
-------+----------+-------------------------------------------
     0 | D:1      | Morbidden the Demonspawn Fighter began the quest for the
                  | Orb.
     0 | D:1      | Reached XP level 1. HP: 18/18 MP: 1/1
    54 | D:1      | Gained mutation: Spells you cast may paralyse adjacent
                  | enemies. [demonic ancestry]
    54 | D:1      | Reached XP level 2. HP: 24/24 MP: 2/2
   252 | D:1      | HP: 1/24 [kobold/+0 dagger (2)]
   257 | D:1      | Slain by a kobold

Illustrated notes

Levels and vault maps discovered:
D:1:      lightli_arrival_lavapool, layout_rooms

Skill      XL: |  1  2 |
---------------+-------+-----
Armour         | 3 |  3.1
Maces & Flails | 2 |  2.0
Fighting       | |  3.1
Axes           | |  0.1
Dodging        | |  0.1
Shields        | |  2.8
Spellcasting   | |  0.2

Action                   || total
-------------------------++-------
Melee: Flail             ||    57
Armor: Scale mail        ||    35
Dodge: Dodged            ||    29
Block: Buckler           ||    19

Table legend: (Time is in decaauts)
 A = Elapsed time spent in this place.
 B = Non-inter-level travel time spent in this place.
 C = Inter-level travel time spent in this place.
 D = Time resting spent in this place.
 E = Time spent auto-exploring this place.
 F = Levels seen in this place.
 G = Mean time per level.
                   A        B        C        D        E       F      G
               +--------+--------+--------+--------+--------+-----+--------+
         Total |    276 |    276 |      0 |      0 |    164 |   1 |  276.0 |
       Dungeon |    276 |    276 |      0 |      0 |    164 |   1 |  276.0 |
               +--------+--------+--------+--------+--------+-----+--------+

Top non-repeatable levels by time:
     D:1: 276 daAuts
